BR
WASHINGTON DC HOT SAUCE @ PLYMOUTH COCKS
09/14/2027
 
TOP OF THE 1ST
Washington DC Hot Sauce batting - Pitching for Plymouth Cocks : LHP William Evans
Pitching: LHP William Evans
Batting: RHB Jake Lawrence 0-0: Ball
1-0: Fly out, F9 (Flyball, 9S)
Batting: SHB Tony Varela 0-0: Foul Ball, location: 2F
0-1: TRIPLE (Line Drive, 7LS)
Batting: RHB Dan Salazar 0-0: Foul Ball, location: 2F
0-1: Ball
1-1: Ball
2-1: Ground out 6-3 (Groundball, 6)
Tony Varela scores
Batting: LHB Roderick Delgado 0-0: Foul Ball, location: 2F
0-1: Foul Ball, location: 2F
0-2: Ball
1-2: Foul Ball, location: 2F
1-2: Foul Ball, location: 2F
1-2: Foul Ball, location: 2F
1-2: Ball
2-2: Ball
3-2: SINGLE (Line Drive, 34D)
Batting: RHB Juan García 0-0: Called Strike
0-1: Ball
1-1: Ball
Roderick Delgado steals 2nd base
2-1: Foul Ball, location: 2F
2-2: Foul Ball, location: 2F
2-2: Foul Ball, location: 2F
2-2: Fly out, F9 (Flyball, 89M)
Top of the 1st over - 1 run(s), 2 hit(s), 0 error(s), 1 left on base; Washington DC 1 - Plymouth 0
BOTTOM OF THE 1ST
Plymouth Cocks batting - Pitching for Washington DC Hot Sauce : RHP Maurice Green
Pitching: RHP Maurice Green
Batting: LHB Greg Sharpe 0-0: Swinging Strike
0-1: Foul Ball, location: 2F
0-2: Ball
1-2: Foul Ball, location: 2F
1-2: Foul Ball, location: 2F
1-2: Ball
2-2: Foul Ball, location: 2F
2-2: Ball
3-2: Strikes out swinging
Batting: RHB Bart Wade 0-0: Ball
1-0: Ground out 3-1 (Groundball, 34)
Batting: RHB Troy González 0-0: Called Strike
0-1: Ball
1-1: SINGLE (Line Drive, 8LS)
Batting: RHB Jason Cook 0-0: Ground out 1-3 (Groundball, 13S)
Bottom of the 1st over - 0 run(s), 1 hit(s), 0 error(s), 1 left on base; Washington DC 1 - Plymouth 0
TOP OF THE 2ND
Washington DC Hot Sauce batting - Pitching for Plymouth Cocks : LHP William Evans
Batting: RHB Juan Vélez 0-0: SINGLE (Line Drive, 8LS)
Batting: RHB Germán Ontiveros 0-0: Ball
1-0: Called Strike
1-1: Swinging Strike
1-2: Strikes out looking
Batting: RHB Tim Church 0-0: Called Strike
0-1: Ball
1-1: Called Strike
1-2: Ball
2-2: DOUBLE (Line Drive, 8LM)
Juan Vélez to third
Runner from 3rd tries for Home, SAFE, no throw
Batting: LHB Vernon Hill 0-0: Swinging Strike
0-1: Reached on error, E6 (Groundball, 6D)
Tim Church scores
Batting: RHB Jake Lawrence 0-0: Ground out 6-3 (Groundball, 56)
Batting: SHB Tony Varela 0-0: Ball
1-0: Called Strike
1-1: Ball
2-1: Swinging Strike
2-2: Ground out 4-3 (Groundball, 4)
Top of the 2nd over - 2 run(s), 2 hit(s), 1 error(s), 1 left on base; Washington DC 3 - Plymouth 0
BOTTOM OF THE 2ND
Plymouth Cocks batting - Pitching for Washington DC Hot Sauce : RHP Maurice Green
Batting: RHB Jeffrey Barker 0-0: Fly out, F6 (Popup, 6D)
Batting: LHB T.J. Richardson 0-0: Reached on error, E3 (Groundball, 34)
Batting: LHB Joe Vásquez 0-0: Called Strike
0-1: Swinging Strike
0-2: Strikes out looking
Batting: RHB Sam Elder 0-0: Called Strike
0-1: Foul Ball, location: 2F
0-2: Ball
1-2: Ball
2-2: Fly out, F7 (Flyball, 7)
Bottom of the 2nd over - 0 run(s), 0 hit(s), 1 error(s), 1 left on base; Washington DC 3 - Plymouth 0
TOP OF THE 3RD
Washington DC Hot Sauce batting - Pitching for Plymouth Cocks : LHP William Evans
Batting: RHB Dan Salazar 0-0: Ball
1-0: Foul Ball, location: 2F
1-1: Ball
2-1: Foul Ball, location: 2F
2-2: Strikes out swinging
Batting: LHB Roderick Delgado 0-0: Ball
1-0: Foul Ball, location: 2F
1-1: Ball
2-1: SINGLE (Flyball, 7LM)
Batting: RHB Juan García 0-0: Called Strike
0-1: Ball
1-1: Ball
2-1: Ball
3-1: Swinging Strike
3-2: Ground out 4-3 (Groundball, 34)
Roderick Delgado to second
Batting: RHB Juan Vélez 0-0: Called Strike
0-1: SINGLE (Groundball, 34S) (infield hit)
Roderick Delgado to third
Batting: RHB Germán Ontiveros 0-0: SINGLE (Groundball, 56D)
Roderick Delgado scores
Juan Vélez to second
Batting: RHB Tim Church 0-0: Fielders Choice at 2nd, 4-6 (Groundball, 4)
Top of the 3rd over - 1 run(s), 3 hit(s), 0 error(s), 1 left on base; Washington DC 4 - Plymouth 0
BOTTOM OF THE 3RD
Plymouth Cocks batting - Pitching for Washington DC Hot Sauce : RHP Maurice Green
Batting: LHB Barry Pierce 0-0: Ball
1-0: Called Strike
1-1: Swinging Strike
1-2: Ball
2-2: Ground out 4-3 (Groundball, 4)
Batting: LHB Greg Sharpe 0-0: Ball
1-0: Foul Ball, location: 2F
1-1: Swinging Strike
1-2: Strikes out swinging
Batting: RHB Bart Wade 0-0: Called Strike
0-1: Ball
1-1: Ball
2-1: Called Strike
2-2: Ball
3-2: Base on Balls
Batting: RHB Troy González 0-0: SINGLE (Line Drive, 5D)
Bart Wade to second
Batting: RHB Jason Cook 0-0: Swinging Strike
0-1: Foul Ball, location: 2F
0-2: Ball
1-2: Fly out, F9 (Flyball, 9)
Bottom of the 3rd over - 0 run(s), 1 hit(s), 0 error(s), 2 left on base; Washington DC 4 - Plymouth 0
TOP OF THE 4TH
Washington DC Hot Sauce batting - Pitching for Plymouth Cocks : LHP William Evans
Batting: LHB Vernon Hill 0-0: SINGLE (Line Drive, 89S)
Batting: RHB Jake Lawrence 0-0: Ball
1-0: SINGLE (Groundball, 6MD)
Vernon Hill to second
Batting: SHB Tony Varela 0-0: Fly out, F2 (Popup, 23)
Batting: RHB Dan Salazar 0-0: Ball
1-0: Fly out, F7 (Flyball, 7LM)
Batting: LHB Roderick Delgado 0-0: Foul Ball, location: 2F
0-1: Ball
1-1: Foul Ball, location: 2F
1-2: Ball
2-2: Foul Ball, location: 2F
2-2: Ball
3-2: Base on Balls
Vernon Hill to third
Jake Lawrence to second
Batting: RHB Juan García 0-0: Ball
1-0: Ball
2-0: Ball
3-0: Called Strike
3-1: Called Strike
3-2: Fly out, F7 (Flyball, 7D)
Top of the 4th over - 0 run(s), 2 hit(s), 0 error(s), 3 left on base; Washington DC 4 - Plymouth 0
BOTTOM OF THE 4TH
Plymouth Cocks batting - Pitching for Washington DC Hot Sauce : RHP Maurice Green
Batting: RHB Jeffrey Barker 0-0: Called Strike
0-1: Foul Ball, location: 2F
0-2: Ball
1-2: Strikes out swinging
Batting: LHB T.J. Richardson 0-0: Ball
1-0: Ball
2-0: Ball
3-0: Called Strike
3-1: Ground out 3-1 (Groundball, 34)
Batting: LHB Joe Vásquez 0-0: Called Strike
0-1: SINGLE (Groundball, 3D)
Batting: RHB Sam Elder 0-0: Called Strike
0-1: Ball
1-1: Foul Ball, location: 2F
1-2: Strikes out swinging
Bottom of the 4th over - 0 run(s), 1 hit(s), 0 error(s), 1 left on base; Washington DC 4 - Plymouth 0
TOP OF THE 5TH
Washington DC Hot Sauce batting - Pitching for Plymouth Cocks : LHP William Evans
Pitching: RHP Rich Wiggins
Batting: RHB Juan Vélez 0-0: Swinging Strike
0-1: Ball
1-1: Ball
2-1: Swinging Strike
2-2: Strikes out swinging
Batting: RHB Germán Ontiveros 0-0: Called Strike
0-1: Ball
1-1: Called Strike
1-2: Foul Ball, location: 2F
1-2: Ground out 4-3 (Groundball, 4)
Batting: RHB Tim Church 0-0: Swinging Strike
0-1: Ball
1-1: Foul Ball, location: 2F
1-2: Strikes out swinging
Top of the 5th over - 0 run(s), 0 hit(s), 0 error(s), 0 left on base; Washington DC 4 - Plymouth 0
BOTTOM OF THE 5TH
Plymouth Cocks batting - Pitching for Washington DC Hot Sauce : RHP Maurice Green
Batting: LHB Barry Pierce 0-0: Called Strike
0-1: Ball
1-1: Ball
2-1: TRIPLE (Flyball, 89XD)
Batting: LHB Greg Sharpe 0-0: Ball
1-0: Ball
2-0: Swinging Strike
2-1: Swinging Strike
2-2: Foul Ball, location: 2F
2-2: Strikes out swinging
Batting: RHB Bart Wade 0-0: Foul Ball, location: 2F
0-1: Foul Ball, location: 2F
0-2: Foul Ball, location: 2F
0-2: Ground out 6-3 (Groundball, 6)
Barry Pierce scores
Batting: RHB Troy González 0-0: Fly out, F7 (Flyball, 7D)
Bottom of the 5th over - 1 run(s), 1 hit(s), 0 error(s), 0 left on base; Washington DC 4 - Plymouth 1
TOP OF THE 6TH
Washington DC Hot Sauce batting - Pitching for Plymouth Cocks : RHP Rich Wiggins
Batting: LHB Vernon Hill 0-0: Called Strike
0-1: Ball
1-1: Called Strike
1-2: Ball
2-2: Fly out, F5 (Line Drive, 56S)
Batting: RHB Jake Lawrence 0-0: Ball
1-0: Ball
2-0: Called Strike
2-1: Called Strike
2-2: Ball
3-2: Strikes out looking
Batting: SHB Tony Varela 0-0: Ball
1-0: Ball
2-0: Ball
3-0: Called Strike
3-1: Base on Balls
Batting: RHB Dan Salazar 0-0: Ball
Tony Varela is caught stealing 2nd base
Top of the 6th over - 0 run(s), 0 hit(s), 0 error(s), 0 left on base; Washington DC 4 - Plymouth 1
BOTTOM OF THE 6TH
Plymouth Cocks batting - Pitching for Washington DC Hot Sauce : RHP Maurice Green
Batting: RHB Jason Cook 0-0: SINGLE (Groundball, 6MD)
Batting: RHB Jeffrey Barker 0-0: Foul Ball, location: 2F
0-1: Ball
1-1: Foul Ball, location: 2F
1-2: Foul Ball, location: 2F
1-2: Ball
2-2: Ground out U3 (Groundball, 34S)
Jason Cook to second
Pitching: RHP Shane Thompson
Batting: LHB T.J. Richardson 0-0: Ball
1-0: Fly out, F8 (Flyball, 8LS)
Batting: LHB Joe Vásquez 0-0: Ball
1-0: Foul Ball, location: 2F
1-1: SINGLE (Line Drive, 9S)
Jason Cook to third
Runner from 3rd tries for Home, throw and OUT!
Bottom of the 6th over - 0 run(s), 2 hit(s), 0 error(s), 1 left on base; Washington DC 4 - Plymouth 1
TOP OF THE 7TH
Washington DC Hot Sauce batting - Pitching for Plymouth Cocks : RHP Rich Wiggins
Batting: RHB Dan Salazar 0-0: Ground out 5-3 (Groundball, 5L)
Batting: LHB Roderick Delgado 0-0: Called Strike
0-1: Ball
1-1: Ball
2-1: Called Strike
2-2: Strikes out swinging
Batting: RHB Juan García 0-0: Called Strike
0-1: Swinging Strike
0-2: Foul Ball, location: 2F
0-2: Ball
1-2: Ball
2-2: Foul Ball, location: 2F
2-2: Foul Ball, location: 2F
2-2: Foul Ball, location: 2F
2-2: Ball
3-2: Foul Ball, location: 2F
3-2: SINGLE (Line Drive, 3S)
Batting: RHB Juan Vélez 0-0: Called Strike
0-1: Foul Ball, location: 2F
0-2: Ball
1-2: Ball
2-2: Ball
3-2: Fly out, F8 (Flyball, 8RS)
Top of the 7th over - 0 run(s), 1 hit(s), 0 error(s), 1 left on base; Washington DC 4 - Plymouth 1
BOTTOM OF THE 7TH
Plymouth Cocks batting - Pitching for Washington DC Hot Sauce : RHP Shane Thompson
Batting: RHB Sam Elder 0-0: Ball
1-0: Ground out 4-3 (Groundball, 4)
Batting: LHB Barry Pierce 0-0: Ball
1-0: Ball
2-0: SINGLE (Groundball, 6D)
Batting: LHB Greg Sharpe 0-0: Called Strike
0-1: Fly out, F9 (Flyball, 9)
Batting: RHB Bart Wade 0-0: Ball
1-0: Called Strike
1-1: Ball
2-1: Foul Ball, location: 2F
2-2: Foul Ball, location: 2F
2-2: Ball
3-2: Strikes out swinging
Bottom of the 7th over - 0 run(s), 1 hit(s), 0 error(s), 1 left on base; Washington DC 4 - Plymouth 1
TOP OF THE 8TH
Washington DC Hot Sauce batting - Pitching for Plymouth Cocks : RHP Rich Wiggins
Pitching: LHP Bill Martin
Batting: RHB Germán Ontiveros 0-0: SOLO HOME RUN (Flyball, 78XD), Distance : 425 ft
Batting: RHB Tim Church 0-0: Ball
1-0: Ball
2-0: Ground out 6-3 (Groundball, 6)
Batting: LHB Vernon Hill 0-0: Fly out, F8 (Flyball, 78M)
Batting: RHB Jake Lawrence 0-0: Foul Ball, location: 2F
0-1: Ground out 6-3 (Groundball, 6M)
Top of the 8th over - 1 run(s), 1 hit(s), 0 error(s), 0 left on base; Washington DC 5 - Plymouth 1
BOTTOM OF THE 8TH
Plymouth Cocks batting - Pitching for Washington DC Hot Sauce : RHP Shane Thompson
Batting: RHB Troy González 0-0: Ground out 6-3 (Groundball, 6)
Batting: RHB Jason Cook 0-0: Ball
1-0: Called Strike
1-1: Ball
2-1: Foul Ball, location: 2F
2-2: Foul Ball, location: 2F
2-2: Reached on error, E6 (Groundball, 56D)
Batting: RHB Jeffrey Barker 0-0: Ball
1-0: Ball
2-0: Grounds into double play, 5-4-3 (Groundball, 56)
Bottom of the 8th over - 0 run(s), 0 hit(s), 1 error(s), 0 left on base; Washington DC 5 - Plymouth 1
TOP OF THE 9TH
Washington DC Hot Sauce batting - Pitching for Plymouth Cocks : LHP Bill Martin
Pitching: LHP Mathew Bentley
Batting: SHB Tony Varela 0-0: Ball
1-0: Ball
2-0: Foul Ball, location: 2F
2-1: Ball
3-1: Foul Ball, location: 2F
3-2: Foul Ball, location: 2F
3-2: Foul Ball, location: 2F
3-2: Base on Balls
Batting: RHB Dan Salazar 0-0: Called Strike
0-1: Called Strike
0-2: Strikes out swinging
Batting: LHB Roderick Delgado 0-0: SINGLE (Line Drive, 78S)
Tony Varela to second
Batting: RHB Juan García 0-0: Ball
1-0: Called Strike
1-1: Foul Ball, location: 2F
1-2: Ball
2-2: SINGLE (Groundball, 4MD)
Tony Varela to third
Roderick Delgado to second
Runner from 3rd tries for Home, SAFE, no throw
Batting: RHB Juan Vélez 0-0: SINGLE (Line Drive, 3L)
Roderick Delgado to third
Juan García to second
Runner from 3rd tries for Home, SAFE, no throw
Batting: RHB Germán Ontiveros 0-0: Ball
1-0: Ground out 6-3 (Groundball, 6D)
Juan García to third
Juan Vélez to second
Batting: RHB Tim Church 0-0: Ball
1-0: Swinging Strike
1-1: Foul Ball, location: 2F
1-2: Strikes out looking
Top of the 9th over - 2 run(s), 3 hit(s), 0 error(s), 2 left on base; Washington DC 7 - Plymouth 1
BOTTOM OF THE 9TH
Plymouth Cocks batting - Pitching for Washington DC Hot Sauce : RHP Shane Thompson
Now at 2B: George Pierce
Batting: LHB T.J. Richardson 0-0: Ball
1-0: Ball
2-0: Called Strike
2-1: Ball
3-1: Fly out, F7 (Flyball, 7LSF)
Batting: LHB Joe Vásquez 0-0: Foul Ball, location: 2F
0-1: Foul Ball, location: 2F
0-2: Ball
1-2: Ball
2-2: Ground out 4-3 (Groundball, 34)
Batting: RHB Sam Elder 0-0: Ground out 3-1 (Groundball, 34S)
Bottom of the 9th over - 0 run(s), 0 hit(s), 0 error(s), 0 left on base; Washington DC 7 - Plymouth 1
Thursday, March 30th, 2017 - OOTP Baseball 17.12 Build 75